 Dungeon Crawl Stone Soup version 0.20-a0-540-ge6d1839 (webtiles) character file.

3413 Devintownsend the Blocker (level 9, -1/82 HPs)
             Began as a Minotaur Fighter on Jan 30, 2017.
             Was an Elder of Okawaru.
             Killed from afar by Maurice (12 damage)
             ... with a wand of acid (?/15)
             ... on level 8 of the Dungeon.
             The game lasted 00:21:28 (6589 turns).

Devintownsend the Blocker (Minotaur Fighter)        Turns: 6589, Time: 00:21:29

Health: -1/82      AC: 14    Str: 24    XL:     9   Next: 76%
Magic:  8/8        EV:  7    Int:  5    God:    Okawaru [****..]
Gold:   664        SH:  0    Dex: 10    Spells: 8/8 levels left

rFire    . . .     SeeInvis .   u - +2 flail (protect)
rCold    . . .     Gourm    +   C - +0 chain mail
rNeg     . . .     Faith    .   c - +0 shield
rPois    .         Spirit   .   (helmet restricted)
rElec    .         Reflect  .   B - +0 cloak
rCorr    .         Harm     .   (no gloves)
MR       .....                  (no boots)
Stlth    ..........             l - amulet of the gourmand
Regen    0.3/turn               (no ring)
                                s - +5 ring of protection

@: confused, corroded
A: retaliatory headbutt, horns 2
a: Heroism, Renounce Religion


You were on level 8 of the Dungeon.
You worshipped Okawaru.
Okawaru was greatly pleased with you.
You were not hungry.

You visited 2 branches of the dungeon, and saw 9 of its levels.

You collected 664 gold pieces.

Inventory:

Hand Weapons
 a - a +0 war axe
 u - a +2 flail of protection (weapon)
Missiles
 z - 13 stones (quivered)
Armour
 b - a +0 scale mail
 c - a +0 shield (worn)
 d - a +1 cloak
 B - a +0 cloak (worn)
 C - a +0 chain mail (worn)
Jewellery
 l - an amulet of the gourmand (around neck)
 s - a +5 ring of protection (left hand)
Wands
 e - a wand of random effects (29/48)
 o - a wand of flame (47/48)
 A - a wand of lightning (7/15)
 D - a wand of random effects (21/48)
 E - a wand of enslavement (13/24)
Scrolls
 g - 6 scrolls of teleportation
 i - a scroll of remove curse {unknown}
 j - 3 scrolls of recharging
 p - a scroll of fog
 r - a scroll of amnesia {unknown}
 y - 8 scrolls of identify
Potions
 k - a potion of agility
 n - 3 potions of lignification
 q - a potion of flight
 t - a potion of cure mutation
Books
 v - a book of Necromancy

   Spells                             Type                      Level
   a - Pain                           Necromancy                   1
   b - Animate Skeleton               Necromancy                   1
   c - Vampiric Draining              Necromancy                   3
   d - Regeneration                   Charms/Necromancy            3
   e - Animate Dead                   Necromancy                   4
   f - Control Undead                 Necromancy                   4
 x - a book of Minor Magic

   Spells                             Type                      Level
   a - Magic Dart                     Conjuration                  1
   b - Blink                          Translocation                2
   c - Call Imp                       Summoning                    2
   d - Repel Missiles                 Charms/Air                   2
   e - Slow                           Hexes                        2
   f - Conjure Flame                  Conjuration/Fire             3
   g - Mephitic Cloud                 Conjuration/Poison/Air       3
Comestibles
 f - 7 bread rations
 w - a meat ration
 G - 3 royal jellies


   Skills:
 + Level 8.8 Fighting
 - Level 3.4 Axes
 + Level 9.8 Armour
 + Level 11.5 Shields


You had 8 spell levels left.
You didn't know any spells.

Dungeon Overview and Level Annotations

Branches:
Dungeon (8/15)             Temple (1/1) D:5
   Lair: D:8-11

Altars:
Ashenzari
Cheibriados
Elyvilon
Fedhas
Hepliaklqana
Kikubaaqudgha
Makhleb
Nemelex Xobeh
Okawaru
Sif Muna
Trog
Uskayaw
Xom
The Shining One

Annotations:
D:8 Maurice


Innate Abilities, Weirdness & Mutations

You reflexively headbutt those who attack you in melee.
You have a pair of horns on your head.


Message History

You hear a zap.
A bolt of acid appears from out of thin air!
The bolt of acid misses you. You block something's attack.
You barely miss something.
You hear a zap.
A bolt of acid appears from out of thin air!
The bolt of acid hits you!
* * * LOW HITPOINT WARNING * * *
You are splashed with acid!
The acid burns!
* * * LOW HITPOINT WARNING * * *
You are confused.
You feel invigorated.
You hear some strange, mumbled words.
You're too confused!
Okay, then.
You're too confused!
You hear a zap.
A bolt of acid appears from out of thin air!
The bolt of acid hits you!
You die...

....<.# ##........# ......#
#........## .....##########
#.####.### .......)))†>..# ##.#
#># ##.#...#####.## ##..# #.#
##@.##..##...# #..## #.#
...........### #.## #.#
##...####.###########.# #.#
......###)###...@(....# #.#
.###..........######### #.#
.##.....[...### #.#
..<.###..##...# #.#
###...##.####.### ######.#
###.##..###...# #......#
##...#....###.#######......#
##..........##..............####
#............#########..........


There were no monsters in sight!

Vanquished Creatures
  Joseph (D:8)
  Grinder (D:4)
  A hornet (D:8)
  Sigmund (D:6)
  Eustachio (D:4)
  Menkaure (D:4)
  Duvessa (D:6)
  An ice beast (D:7)
  A hornet zombie (D:6)
  A sky beast (D:5)
  2 orc warriors (D:8)
  A centaur (D:5)
  3 bullfrogs (D:8)
  Blork the orc (D:6)
  A gnoll sergeant (D:6)
  A wyvern zombie (D:8)
  Dowan (D:6)
  4 wights (D:8)
  2 howler monkeys (D:8)
  7 crimson imps
  A quasit (D:8)
  2 hounds
  6 orc wizards
  4 orc priests (D:8)
  Crazy Yiuf (D:4)
  An iguana (D:4)
  A worker ant (D:4)
  2 hound skeletons
  3 gnolls (D:6)
  11 adders
  A shadow imp (D:8)
  An adder skeleton (D:8)
  3 worms
  A dart slug (D:1)
  9 leopard geckos
  21 orcs
  4 bats
  8 giant cockroaches
  7 goblins
  6 hobgoblins
  2 jackals (D:4)
  3 quokkas
  2 ball pythons
  A ball python skeleton (D:4)
  7 frilled lizards
  A jackal skeleton (D:7)
  4 kobolds
  A quokka skeleton (D:8)
  12 rats
159 creatures vanquished.

Notes
Turn   | Place    | Note
-------+----------+-------------------------------------------
     0 | D:1      | Devintownsend the Minotaur Fighter began the quest for the Orb.
     0 | D:1      | Reached XP level 1. HP: 19/19 MP: 0/0
    97 | D:1      | Reached skill level 4 in Shields
   103 | D:1      | Reached XP level 2. HP: 23/27 MP: 1/1
   398 | D:1      | You fall through a shaft!
   459 | D:2      | Reached XP level 3. HP: 33/33 MP: 2/2
   590 | D:2      | Found a snail-covered altar of Cheibriados.
   898 | D:2      | Reached XP level 4. HP: 40/40 MP: 3/3
  1165 | D:3      | Found a glowing golden altar of the Shining One.
  1552 | D:4      | Reached skill level 5 in Shields
  1567 | D:4      | Found a shattered altar of Ashenzari.
  1875 | D:4      | Found a runed door.
  1905 | D:4      | Noticed Grinder
  1910 | D:4      | Paralysed by Grinder for 5 turns
  1918 | D:4      | Paralysed by Grinder for 3 turns
  1931 | D:4      | Paralysed by Grinder for 7 turns
  1943 | D:4      | Killed Grinder
  1943 | D:4      | Reached skill level 5 in Fighting
  1943 | D:4      | Reached skill level 5 in Armour
  1943 | D:4      | Reached XP level 5. HP: 8/48 MP: 4/4
  1943 | D:4      | Reached XP level 6. HP: 10/56 MP: 5/5
  2266 | D:4      | Noticed Menkaure
  2269 | D:4      | Found a white marble altar of Elyvilon.
  2275 | D:4      | Killed Menkaure
  2275 | D:4      | Reached skill level 6 in Shields
  2374 | D:4      | Found a bloodstained altar of Trog.
  2695 | D:4      | Reached XP level 7. HP: 57/62 MP: 6/6
  2866 | D:4      | Noticed Eustachio
  2908 | D:4      | Killed Eustachio
  3105 | D:4      | Noticed Crazy Yiuf
  3108 | D:4      | Killed Crazy Yiuf
  3204 | D:5      | Entered Level 5 of the Dungeon
  3239 | D:5      | Found a staircase to the Ecumenical Temple.
  3250 | Temple   | Entered the Ecumenical Temple
  3256 | Temple   | Became a worshipper of Warmaster Okawaru
  3278 | D:5      | Reached skill level 7 in Shields
  3411 | D:5      | You fall through a shaft!
  3471 | D:6      | Reached * piety under Okawaru
  3519 | D:6      | Noticed Sigmund
  3564 | D:6      | Killed Sigmund
  3564 | D:6      | Reached skill level 8 in Shields
  3564 | D:6      | Reached XP level 8. HP: 47/71 MP: 7/7
  3658 | D:6      | Got a bone dagger
  3748 | D:6      | Noticed Blork the orc
  3787 | D:6      | Killed Blork the orc
  3953 | D:6      | Noticed Dowan
  3953 | D:6      | Noticed Duvessa
  3960 | D:6      | Killed Duvessa
  3960 | D:6      | Reached ** piety under Okawaru
  3960 | D:6      | Reached skill level 9 in Shields
  3986 | D:6      | Killed Dowan
  5124 | D:8      | Reached XP level 9. HP: 55/79 MP: 8/8
  5131 | D:8      | Reached skill level 10 in Shields
  5182 | D:8      | Noticed Joseph
  5228 | D:8      | Killed Joseph
  5228 | D:8      | Reached *** piety under Okawaru
  5454 | D:8      | Noticed Maurice
  6155 | D:8      | Found a blossoming altar of Fedhas.
  6232 | D:8      | Reached skill level 11 in Shields
  6259 | D:8      | Reached **** piety under Okawaru
  6587 | D:8      | HP: 2/82 [acid (10)]
  6589 | D:8      | Killed from afar by Maurice

Vault maps used:
D:1:      dpeg_arrival_tiny_d
D:2:      cheibriados_altar_1, first_bread
D:3:      hex_medium, tso_metal_star
D:4:      elyvilon_altar_5, nicolae_ashenzari_panopticon, bloody_trog,
          grunt_decor_cap, uniq_eustachio, uniq_grinder,
          uniq_crazy_yiuf_cottage, uniq_menkaure
D:5:      nicolae_ru_great_annihilating_truth, minmay_temple_entry_junction,
          serial_bayou_ford_a
D:6:      bh_chokoban, nicolae_sextant, uniq_blork_the_orc, uniq_duvessa,
          uniq_sigmund
D:8:      minmay_goldmine, fedhas_altar_2, uniq_joseph, uniq_maurice
Temple:   eino_narrow_crystal_temple

Skill      XL: |  1  2  3  4  5  6  7  8  9 |
---------------+----------------------------+-----
Shields        | 4 5 6 8 9 11 | 11.5
Armour         | 4 5 6 7 8 9 |  9.8
Fighting       | 4 5 6 7 8 |  8.8
Axes           | 3 |  3.4

Action                   |  1- 3 |  4- 6 |  7- 9 || total
-------------------------+-------+-------+-------++-------
Melee: War axe           |    99 |     5 |       ||   104
       Headbutt          |    11 |    23 |    71 ||   105
       Flail             |       |   126 |   395 ||   521
  Use: Potion            |       |       |    11 ||    11
       Scroll            |       |       |    10 ||    10
  Eat: Chunk             |       |    12 |    12 ||    24
Armor: Scale mail        |    41 |    84 |   194 ||   319
       Chain mail        |       |       |    32 ||    32
Dodge: Dodged            |    31 |    52 |   120 ||   203
Block: Shield            |    51 |    67 |   285 ||   403
